 Dungeon Crawl Stone Soup version 0.28-a0-983-g1de4e0787c (webtiles) character file.

Game seed: 6442934262695833057

501 AmazingEquinox the Chopper (level 7, -1/60 HPs)
             Began as a Hill Orc Fighter on Dec 2, 2021.
             Was an Initiate of Yredelemnul.
             Slain by a wight (11 damage)
             ... on level 4 of the Dungeon.
             The game lasted 00:12:51 (2382 turns).

AmazingEquinox the Chopper (Hill Orc Fighter)       Turns: 2382, Time: 00:12:54

Health: -1/60      AC: 11    Str: 19    XL:     7   Next: 17%
Magic:  7/7        EV:  7    Int:  8    God:    Yredelemnul [......]
Gold:   68         SH:  5    Dex: 14    Spells: 6/6 levels left

rFire   . . .      SeeInvis .   a - +0 war axe
rCold   . . .      Faith    .   c - +0 buckler
rNeg    . . .      Spirit   .   n - +0 chain mail
rPois   .          Reflect  .   (no helmet)
rElec   .          Harm     .   (no cloak)
rCorr   .          Rampage  .   o - +0 pair of gloves
Will    .....                   (no boots)
Stlth   ..........              f - amulet of regeneration
HPRegen 1.00/turn               (no ring)
MPRegen 0.10/turn               (no ring)

@: attractive
A: agile 1, passive freeze
a: Renounce Religion


You were on level 4 of the Dungeon.
You worshipped Yredelemnul.
Yredelemnul was noncommittal.
You visited 1 branch of the dungeon, and saw 4 of its levels.

You collected 68 gold pieces.

Inventory:

Hand Weapons
 a - a +0 war axe (weapon)
Armour
 c - a +0 buckler (worn)
 n - a +0 chain mail (worn)
 o - a +0 pair of gloves (worn)
 v - a +0 pair of boots
Jewellery
 f - an amulet of regeneration (around neck)
Scrolls
 e - a scroll of vulnerability
 g - a scroll of summoning
 i - a scroll of magic mapping {unknown}
 j - a scroll of holy word
 k - a scroll of blinking {unknown}
 m - a scroll of fear {unknown}
 r - a scroll of identify
 s - a scroll of immolation {unknown}
Potions
 b - a potion of mutation
 d - a potion of might
 h - a potion of flight {unknown}
 l - a potion of ambrosia {unknown}
 p - a potion of attraction
 q - a potion of curing {unknown}
 t - a potion of lignification {unknown}
 u - a potion of heal wounds {unknown}


   Skills:
 + Level 4.9 Fighting
 + Level 6.4 Axes
 + Level 5.4 Armour
 + Level 0.7 Dodging
 + Level 0.2 Stealth
 + Level 4.3 Shields


You had 6 spell levels left.
You didn't know any spells.
Your spell library contained the following spells:

 Spells                   Type           Power      Damage    Failure   Level
 Beastly Appendage        Tmut           0%         N/A       99%         1
 Magic Dart               Conj           0%         1d3       99%         1
 Searing Ray              Conj           0%         2d4       100%        2
 Wereblood                Tmut           0%         N/A       100%        2
 Spider Form              Tmut/Pois      0%         N/A       100%        3
 Fulminant Prism          Conj/Hex       0%         3d6       100%        4


Dungeon Overview and Level Annotations

Branches:
Dungeon (4/15)
 Temple: D:4-7

Altars:
Yredelemnul

Shops:
D:1 (   D:2 *[[([


Innate Abilities, Weirdness & Mutations

You are agile. (Dex +2)
A frigid envelope surrounds you and freezes all who hurt you.


Message History

The wight convulses!
You destroy the wight!
Yredelemnul accepts your kill.
Yredelemnul forgives your inadvertent holy act, just this once.
It was a scroll of holy word.
You block the endoplasm's attack. The scorpion stings you.
* * * LOW HITPOINT WARNING * * *
The ball python is attracted toward you.
The wight is attracted toward you.
Your life force feels restored.
Your Axes skill increases to level 6!
Your Armour skill increases to level 5!
You have reached level 7!
You slash the endoplasm!
You kill the endoplasm!
Yredelemnul accepts your kill.
You barely miss the scorpion.
The scorpion stings you but does no damage.
The scorpion is very cold.
You kill the scorpion!
Yredelemnul accepts your kill. The wight is attracted toward you.
The ball python barely misses you.
Keep equipping yourself?
The ball python grabs you.
The ball python is very cold.
The ball python seems to slow down.
The ball python is moderately wounded.
The ball python constricts you.
You start putting on your armour.
You continue putting on your +0 pair of boots.
The ball python bites you but does no damage.
The ball python is very cold.
You kill the ball python!
Yredelemnul accepts your kill. The wight is attracted toward you.
You continue putting on your +0 pair of boots.
You block the wight's attack.
You continue putting on your +0 pair of boots.
The wight hits you with a +2 great sword!
You die...
Your body rises from the dead as a mindless zombie.

#.....#.......<....
##..................
....#$.............
#.................#
#..............####
##..###.(....?$.#
#...##))........#
#.z§)#........#
#@####.S......#
#.KS# ####..##.###
#..w# #......$#
.....# #...!...#
......# #.......#
.......## #.......#
....... #.......#
.....#. #.......#
#.......#


You could see a wight (ally target), a friendly dart slug (summoned), a friendly
ball python (summoned) and a friendly kobold (summoned).

Vanquished Creatures
  A human (D:3)
  A scorpion (D:4)
  4 wights (D:4)
  A hound (D:3)
  6 adders
  A worm (D:2)
  A dart slug (D:2)
  2 orcs
  6 endoplasms
  9 goblins
  3 hobgoblins (D:2)
  A quokka (D:2)
  3 ball pythons
  4 bats
  3 frilled lizards
  6 kobolds (D:3)
  2 rats
54 creatures vanquished.

Notes
Turn   | Place    | Note
-------+----------+-------------------------------------------
     0 | D:1      | AmazingEquinox the Hill Orc Fighter began the quest for the
                  | Orb.
     0 | D:1      | Reached XP level 1. HP: 19/19 MP: 1/1
   203 | D:1      | Found Zolo's Antique Weapon Shop.
   210 | D:1      | You fall into a shaft and drop 1 floor!
   221 | D:2      | Found Geakueku's Armour Shop.
   306 | D:2      | Reached XP level 2. HP: 18/27 MP: 2/2
   322 | D:2      | Found Gakiu's Antique Armour Shop.
   327 | D:2      | Found Suoh's General Store.
   349 | D:2      | Reached skill level 3 in Axes
   349 | D:2      | Reached XP level 3. HP: 14/33 MP: 3/3
  1123 | D:2      | Reached XP level 4. HP: 37/41 MP: 4/4
  1132 | D:2      | Found Kuasaj's Antique Weapon Emporium.
  1211 | D:2      | Found Sairrash's Antique Armour Emporium.
  1702 | D:3      | Found a runed translucent door.
  1702 | D:3      | Noticed a human
  1708 | D:3      | Found a basalt altar of Yredelemnul.
  1734 | D:3      | Killed a human
  1735 | D:3      | Reached skill level 5 in Axes
  1735 | D:3      | Reached XP level 5. HP: 34/47 MP: 5/5
  1792 | D:3      | Became a worshipper of Yredelemnul the Dark
  1966 | D:3      | Reached XP level 6. HP: 53/53 MP: 6/6
  2373 | D:4      | Gained mutation: You are agile. (Dex +2) [potion of
                  | mutation]
  2373 | D:4      | Gained mutation: A frigid envelope surrounds you and
                  | freezes all who hurt you. [potion of mutation]
  2378 | D:4      | Reached skill level 6 in Axes
  2378 | D:4      | Reached skill level 5 in Armour
  2378 | D:4      | Reached XP level 7. HP: 5/60 MP: 7/7
  2382 | D:4      | Slain by a wight

Illustrated notes

Levels and vault maps discovered:
D:1:      saegor_arrival_simple_e, layout_loops_ring, serial_shops, shop,
          dilly_ecumenical_altar_fadedgnrine
D:2:      layout_loops_ring, serial_shops, shop, nicolae_shop_window_shopping,
          nicolae_shop_statue_plus, shop, nicolae_shop_stone,
          chequers_serial_rivers_small_b
D:3:      layout_basic, dk_yredelemnul_ordeal, minmay_cupped
D:4:      layout_rooms, lemuel_tele_altar

Skill      XL: |  1  2  3  4  5  6 |
---------------+-------------------+-----
Fighting       | 4 |  4.9
Axes           | 3 5 6 |  6.4
Armour         | 4 5 |  5.4
Shields        | 4 |  4.3
Dodging        | |  0.7
Stealth        | |  0.2

Action                   |  1- 3 |  4- 6 |  7- 9 || total
-------------------------+-------+-------+-------++-------
Melee: War axe           |    83 |    77 |     1 ||   161
  Use: Scroll            |       |     3 |       ||     3
       Potion            |       |     2 |       ||     2
 Stab: Distracted        |       |     1 |       ||     1
Armor: Scale mail        |    31 |       |       ||    31
       Chain mail        |    70 |    94 |     2 ||   166
Dodge: Dodged            |    71 |    49 |     1 ||   121
Block: Buckler           |    39 |    34 |     1 ||    74

Table legend: (Time is in decaauts)
 A = Elapsed time spent in this place.
 B = Non-inter-level travel time spent in this place.
 C = Inter-level travel time spent in this place.
 D = Time resting spent in this place.
 E = Time spent auto-exploring this place.
 F = Levels seen in this place.
 G = Mean time per level.
                   A        B        C        D        E       F      G
               +--------+--------+--------+--------+--------+-----+--------+
         Total |   2432 |   2408 |     24 |    217 |   1009 |   4 |  608.0 |
       Dungeon |   2432 |   2408 |     24 |    217 |   1009 |   4 |  608.0 |
               +--------+--------+--------+--------+--------+-----+--------+

Top non-repeatable levels by time:
     D:2: 1318 daAuts
     D:3: 860 daAuts
     D:1: 212 daAuts
     D:4: 40 daAuts
